 Dungeon Sprint DCSS version 0.17-a0-1575-g9a29ec8 (webtiles) character file.

0 nuthulu the Covered (level 1, 0/14 HPs)
             Began as a Gargoyle Fighter on July 26, 2015.
             Was an Initiate of Okawaru.
             Slain by Sigmund
             ... wielding a +1 scythe of freezing
              (6 damage)
             ... in the Dungeon (Sprint VI: "Thunderdome").
             The game lasted 00:00:32 (62 turns).

nuthulu the Covered (Gargoyle Fighter)                Turns: 62, Time: 00:00:32

Health: 0/14       AC:  9    Str: 24    XL:     1   Next: 20%
Magic:  1/1        EV:  7    Int:  8    God:    Okawaru [......]
Gold:   32         SH:  9    Dex:  9    Spells: 0 memorised, 0 levels left

rFire  . . .     SeeInvis .     a - +0 flail
rCold  . . .     Clarity  .     b - +0 scale mail
rNeg   + . .     SustAt   .     c - +0 shield
rPois  ∞         Gourm    .     (no helmet)
rElec  +         Spirit   .     (no cloak)
rCorr  .         Warding  .     (no gloves)
rMut   .         NoTele   +     (no boots)
MR     .....                    (no amulet)
Stlth  ..........               (no ring)
                                (no ring)

@: mighty, not resistant to hostile enchantments, extremely unstealthy
A: negative energy resistance 1, electricity resistance, unbreathing,
petrification resistance, rot immunity, AC +2
a: Renounce Religion


You were in the Dungeon.
You worshipped Okawaru.
Okawaru was noncommittal.
You were not hungry.

You visited 1 branch You collected 200 gold pieces.
You spent 168 gold pieces at shops.

Inventory:

Hand weapons
 a - a +0 flail (weapon)
Armour
 b - a +0 scale mail (worn)
 c - a +0 shield (worn)
Magical devices
 l - a wand of cold (5)
 m - a wand of fire (5)
Scrolls
 k - 4 scrolls of blinking
 n - 3 scrolls of fog
Potions
 d - 6 potions of might
 f - a potion of curing
 g - 4 potions of heal wounds
 h - 4 potions of haste
 i - 2 potions of magic
 j - a potion of berserk rage
 o - a potion of resistance
Comestibles
 e - a bread ration


   Skills:
 + Level 3.4 Fighting
 + Level 2.2 Maces & Flails
 + Level 3.5 Armour
 + Level 3.4 Shields


You couldn't memorise any spells.
You didn't know any spells.

Dungeon Overview and Level Annotations

Branches:
Dungeon (1/1)

Altars:
Cheibriados
Dithmenos
Fedhas
Gozag
Kikubaaqudgha
Makhleb
Okawaru
Qazlal
Ru
Sif Muna
Trog
Vehumet
Xom
Yredelemnul
Zin
The Shining One
Jiyva
Lugonu

Shops:
D *[%??*?*:[((!!!!

Annotations:
D Jessica, Sigmund


Innate Abilities, Weirdness & Mutations

You are resistant to torment.
Your stone body is resilient (AC +2).
You are immune to poison.
You resist negative energy.
You are resistant to electric shocks.
You can survive without breathing.
You are immune to petrification.
You are immune to rotting.


Message History

The giant cockroach is lightly wounded.
You block the giant cockroach's attack. You block the rat's attack.
You block the giant cockroach's attack.
Sigmund hits you from afar with a scythe of freezing.
Sigmund freezes you. The rat closely misses you.
You sock the rat!
You kill the rat!
Okawaru accepts your kill. The giant cockroach bites you.
The giant cockroach barely misses you. You block Sigmund's attack.
You closely miss the giant cockroach.
The giant cockroach is lightly wounded.
The giant cockroach bites you but does no damage.
Jessica closely misses you. The giant cockroach closely misses you.
Sigmund barely misses you.
You see here a rat corpse.
You barely miss Sigmund. You block the giant cockroach's attack.
You block Jessica's attack.
Sigmund hits you with a scythe of freezing.
You die...

⌠..........# #.<.# #.........
⌠..........###...###.........
#.............###............
###∩........8.# #.8........∩#
##∩___......###......._.∩##
######.8.........8.######
#⌠...........⌠#
###..@......### #@@......_#
#_s......_# #_......._#
#∩.......∩# ##∩.....∩##
##.....## ##⌠⌠⌠## #####


You could see Sigmund, Jessica and a giant cockroach.

Vanquished Creatures
  A giant cockroach (D)
  A rat (D)
2 creatures vanquished.

Notes
Turn   | Place    | Note
--------------------------------------------------------------
     0 | D        | nuthulu the Gargoyle Fighter began the quest for the Orb.
     0 | D        | Reached XP level 1. HP: 14/14 MP: 1/1
     1 | D        | Found a glowing golden altar of the Shining One.
     1 | D        | Found an opulent altar of Gozag.
     2 | D        | Found a deep blue altar of Sif Muna.
     2 | D        | Found a burning altar of Makhleb.
     3 | D        | Found a corrupted altar of Lugonu.
     4 | D        | Found Hokuek's Distillery.
     4 | D        | Found a glowing silver altar of Zin.
     4 | D        | Found Qatzeug's Do-It-Yourself Clinic.
     5 | D        | Found Pufacwil's Distillery.
     5 | D        | Found Wiplaeci's Bottled Wisdom.
     5 | D        | Round 1.
    12 | D        | Bought 6 potions of might for 168 gold pieces
    17 | D        | Found a sacrificial altar of Ru.
    18 | D        | Found Wizy's Staff Store.
    19 | D        | Found Irueroiq's Magic Scroll Shop.
    19 | D        | Found Cuziman's Must-Have Magic.
    19 | D        | Found Vurr's Magic Scroll Shop.
    25 | D        | Found a shimmering altar of Xom.
    27 | D        | Found a shadowy altar of Dithmenos.
    28 | D        | Found Ruah's Bee Food.
    29 | D        | Found Gaujonk's Jewellery.
    29 | D        | Found Erchis's Advanced Armour.
    30 | D        | Found a radiant altar of Vehumet.
    30 | D        | Found an ancient bone altar of Kikubaaqudgha.
    30 | D        | Found a stormy altar of Qazlal.
    30 | D        | Found Utur's Identification Station.
    32 | D        | Noticed Jessica
    33 | D        | Noticed Sigmund
    41 | D        | Found a basalt altar of Yredelemnul.
    42 | D        | Found a viscous altar of Jiyva.
    43 | D        | Found a bloodstained altar of Trog.
    43 | D        | Found a snail-covered altar of Cheibriados.
    44 | D        | Found a blossoming altar of Fedhas.
    44 | D        | Found an iron altar of Okawaru.
    44 | D        | Found Selos's Weapon Rack.
    44 | D        | Found Muitz's Premium Goods.
    45 | D        | Found Vosauw's Basic Armour.
    45 | D        | Found Waunlal's Miscellaneous Merchandise.
    52 | D        | Became a worshipper of Warmaster Okawaru
    62 | D        | Slain by Sigmund

Vault maps used:
D:        arena_sprint

Action                   || total
-------------------------++-------
Melee: Flail             ||    10
  Use: Potion            ||     1
